 Dungeon Crawl Stone Soup version 0.31-a0-435-g2c6fae2916 (webtiles) character file.

Game seed: 16482148870191913899

89 innerfire43 the Trooper (level 4, -1/55 HPs)
             Began as a Demonspawn Monk on Aug 1, 2023.
             Was a Priest of Jiyva.
             Engulfed by a steam dragon's steam (2 damage)
             ... on level 3 of the Dungeon.
             The game lasted 00:01:48 (1939 turns).

innerfire43 the Trooper (Demonspawn Monk)           Turns: 1939, Time: 00:01:49

Health: -1/55      AC: 22    Str: 13    XL:     4   Next: 31%
Magic:  4/4        EV:  2    Int: 11    God:    Jiyva [***...]
Gold:   114        SH:  0    Dex: 16    Spells: 3/3 levels left

rFire   . . .        a - +0 hand axe
rCold   . . .        d - orb {light}
rNeg    . . .        b - melded +0 robe
rPois   +            (helmet currently unavailable)
rElec   .            (cloak currently unavailable)
rCorr   +            (gloves currently unavailable)
SInv    .            l - melded +2 pair of boots
Will    .....        (no amulet)
Stlth   +            i - ring of resist corrosion
HPRegen 1.41/turn    (no ring)
MPRegen 0.44/turn

%: no passive effects
@: confused, tree-form, ambrosia-drunk, glowing
A: stationary, stasis, torment immunity, boosted hp, (slimy green scales 1),
foul stench 1, powered by death 1
a: Renounce Religion, Oozemancy


You were on level 3 of the Dungeon.
You worshipped Jiyva.
Jiyva was most pleased with you.
You were a tree.
You visited 1 branch of the dungeon, and saw 3 of its levels.

You collected 114 gold pieces.

Inventory:

Hand Weapons
 a - a +0 hand axe (weapon)
Armour
 b - a +0 robe (melded)
 d - an orb of light (worn)
 l - a +2 pair of boots (melded)
Jewellery
 i - a ring of resist corrosion (left branch)
Scrolls
 e - a scroll of enchant armour {unknown}
 f - a scroll of silence
 m - 2 scrolls of identify
 o - a scroll of fog {unknown}
Potions
 h - 2 potions of brilliance {unknown}
 j - a potion of heal wounds {unknown}
 k - a potion of attraction {unknown}
 n - a potion of mutation {unknown}


   Skills:
 + Level 3.9 Fighting
 + Level 3.4 Axes
 + Level 3.4 Dodging


You had 3 spell levels left.
You didn't know any spells.
Your spell library contained the following spells:

 Spells                   Type           Power      Damage    Failure   Level
 Slow                     Hex            0%         N/A       34%         1
 Confusing Touch          Hex            0%         N/A       71%         3
 Vampiric Draining        Necr           0%         2d6       71%         3


Dungeon Overview and Level Annotations

Branches:
Dungeon (3/15)

Altars:
Jiyva


Innate Abilities, Weirdness & Mutations

You are a tree.
Your roots penetrate the ground, keeping you stationary.
You cannot be teleported.
You are immune to unholy pain and torment.
Your maximum health is greatly increased.
Your equipment is partially melded.
((You are partially covered in slimy green scales. (AC +2)))
You may rarely emit foul miasma when damaged in melee.
You regenerate a little health from kills.


Message History

A steam dragon is nearby!
A steam dragon is nearby!
The steam dragon bites you.
The steam dragon claws you but does no damage.
A steam dragon is nearby!
You hit the steam dragon but do no damage.
The steam dragon barely misses you. The steam dragon claws you.
A steam dragon is nearby!
You hit the steam dragon.
The steam dragon is lightly wounded.
The steam dragon breathes steam at you. The ball of steam hits you!!
Ouch! That really hurt!
You're standing in a cloud of steam!
You are too injured to fight recklessly!
You're standing in a cloud of steam!
You are too injured to fight recklessly!
You're standing in a cloud of steam!
You are too injured to fight recklessly!
Unknown command.
You hit the steam dragon.
The steam dragon is lightly wounded.
You are engulfed in a cloud of scalding steam.
* * * LOW HITPOINT WARNING * * *
The steam dragon bites you.
* * * LOW HITPOINT WARNING * * *
You emit a cloud of foul miasma!
The steam dragon barely misses you.
It was a potion of lignification.
You turn into a tree.
Your +2 pair of boots melds into your body.
Your +0 robe melds into your body.
Your roots penetrate the ground.
You are engulfed in a cloud of scalding steam.
* * * LOW HITPOINT WARNING * * *
The steam dragon is engulfed in dark miasma.
The steam dragon is poisoned.
The steam dragon bites you.
* * * LOW HITPOINT WARNING * * *
The steam dragon claws you but does no damage.
You are confused.
You feel invigorated.
You are engulfed in a cloud of scalding steam.
You die...

### #.# #.# #.#
#.# #D# #♣# #§#
#§# #.######### ≈
#.........+
#.##.#..######
.....#..########
................
..................


You could see a steam dragon (poisoned, catching breath).

Vanquished Creatures
  A gnoll (D:1)
  2 adders
  A dart slug (D:1)
  3 bats (D:1)
  6 endoplasms
  3 giant cockroaches
  6 goblins
  5 hobgoblins
  6 jackals
  4 kobolds
  6 quokkas
  5 ball pythons
  7 frilled lizards
  4 rats
59 creatures vanquished.

Vanquished Creatures (others)
  A gnoll bouda (D:3)
  An orc priest (D:3)
  An adder (D:3)
  2 gnolls (D:3)
  4 orcs (D:3)
  2 endoplasms (D:3)
  2 jackals (D:3)
  A quokka (D:3)
  A ball python (D:3)
  A rat (D:3)
16 creatures vanquished.

Grand Total: 75 creatures vanquished

Notes
Turn   | Place    | Note
-------+----------+-------------------------------------------
     0 | D:1      | innerfire43 the Demonspawn Monk began the quest for the
                  | Orb.
     0 | D:1      | Reached XP level 1. HP: 18/18 MP: 1/1
    49 | D:1      | Gained mutation: You may rarely emit foul miasma when
                  | damaged in melee. [demonic ancestry]
    49 | D:1      | Reached XP level 2. HP: 24/24 MP: 2/2
   259 | D:1      | Gained mutation: You are partially covered in slimy green
                  | scales. (AC +2) [demonic ancestry]
   259 | D:1      | Reached XP level 3. HP: 29/29 MP: 3/3
  1299 | D:2      | Found a faded altar of an unknown god.
  1344 | D:2      | Gained mutation: You regenerate a little health from kills.
                  | [demonic ancestry]
  1344 | D:2      | Reached XP level 4. HP: 37/37 MP: 4/4
  1371 | D:2      | Prayed at the altar of an unknown god.
  1371 | D:2      | Became a worshipper of Jiyva Jiroifaa the Shapeless
  1371 | D:2      | Reached * piety under Jiyva
  1371 | D:2      | Reached ** piety under Jiyva
  1605 | D:2      | Reached *** piety under Jiyva
  1931 | D:3      | Noticed a steam dragon
  1938 | D:3      | HP: 1/55 [steam dragon] (6)]
  1939 | D:3      | Engulfed by a steam dragon's steam

Illustrated notes

Levels and vault maps discovered:
D:1:      erik_arrival_blinker_ship, layout_basic
D:2:      layout_loops_ring, hellmonk_ecumenical_altar_pennies_from_heaven
D:3:      minmay_diamond_boxcup, layout_basic, minmay_crystal_water,
          chequers_serial_rivers_small_3, minmay_misc_feat_nine_boxes,
          amcnicky_mini_rare_corridor_liquid, wad_floor_pattern_2

Skill      XL: |  1  2 |
---------------+-------+-----
Axes           | 3 |  3.4
Dodging        | 3 |  3.4
Fighting       | |  3.9

Action                     |  1- 3 |  4- 6 || total
---------------------------+-------+-------++-------
  Melee: Hand axe          |   110 |    42 ||   152
    Use: Scroll            |     1 |       ||     1
         Potion            |       |     2 ||     2
 Armour: Robe              |    20 |    15 ||    35
         Skin              |       |     1 ||     1
  Dodge: Dodged            |    73 |    27 ||   100

Table legend: (Time is in decaauts)
 A = Elapsed time spent in this place.
 B = Non-inter-level travel time spent in this place.
 C = Inter-level travel time spent in this place.
 D = Time resting spent in this place.
 E = Time spent auto-exploring this place.
 F = Levels seen in this place.
 G = Mean time per level.
                   A        B        C        D        E       F      G
               +--------+--------+--------+--------+--------+-----+--------+
         Total |   1961 |   1900 |     61 |      0 |   1538 |   3 |  653.7 |
       Dungeon |   1961 |   1900 |     61 |      0 |   1538 |   3 |  653.7 |
               +--------+--------+--------+--------+--------+-----+--------+

Top non-repeatable levels by time:
     D:1: 995 daAuts
     D:2: 724 daAuts
     D:3: 241 daAuts
